 Dungeon Crawl Stone Soup version 0.15-a0 (webtiles) character file.

1028 4tharraofdagon the Chopper (level 7, -1/52 HPs)
             Began as a Demonspawn Monk on Mar 30, 2014.
             Slain by a wyvern (8 damage)
             ... on Level 7 of the Dungeon.
             The game lasted 00:11:54 (2269 turns).

4tharraofdagon the Chopper (Demonspawn Monk)        Turns: 2269, Time: 00:11:54

HP  -1/52        AC 10     Str 13      XL: 7   Next: 69%
MP  16/16        EV 10     Int 12      God:
Gold 177         SH  0     Dex 24      Spells:  0 memorised,  6 levels left

rFire  . . .     SeeInvis .     c - +2,+0 hand axe (elec)
rCold  + . .     Clarity  .     t - +0 chain mail
rNeg   . . .     Conserve .     (no shield)
rPois  .         rCorr    .     G - +0 helmet
rElec  .         rRot     .     D - +0 cloak
SustAb . .       Spirit   .     (no gloves)
rMut   +         Warding  .     (no boots)
Saprov . . .     Stasis   .     j - amulet of resist mutation
MR     .....                    r - ring of regeneration
                                J - ring of magical power

@: agile, not resistant to hostile enchantments, unstealthy
A: thin skeletal structure 2, cold resistance 1
a: no special abilities


You were on level 7 of the Dungeon.
You were not hungry.

You visited 1 branch of the dungeon, and saw 7 of its levels.

You collected 320 gold pieces.
You spent 143 gold pieces at shops.

Inventory:

Hand weapons
 c - a +2,+0 hand axe of electrocution (weapon)
 l - a +0,+0 war axe
Armour
 a - a +0 robe
 t - a +0 chain mail (worn)
 D - a +0 cloak (worn)
 G - a +0 helmet (worn)
Magical devices
 N - a wand of paralysis (15)
 O - a wand of frost (8)
Comestibles
 b - 4 bread rations
 k - a cheese
 n - an apple
 u - a choko
 A - 2 meat rations
 M - a snozzcumber
 Q - 2 chunks of worker ant flesh
Scrolls
 e - 3 scrolls of teleportation
 g - a scroll of magic mapping {unknown}
 m - 2 scrolls of fog {unknown}
 q - a scroll of noise {unknown}
 w - 2 scrolls of remove curse
 x - 2 scrolls of immolation {unknown}
 E - a scroll of blinking {unknown}
 I - a scroll of fear {unknown}
 P - a scroll of random uselessness {unknown}
 R - a scroll of identify
Jewellery
 i - a +2 ring of intelligence
 j - an amulet of resist mutation (around neck)
 r - a ring of regeneration (right hand)
 v - an uncursed amulet of guardian spirit
 F - an uncursed ring of sustain abilities
 J - a ring of magical power (left hand)
Potions
 d - 5 potions of curing
 f - 2 potions of haste
 h - 2 potions of brilliance
 o - 2 potions of restore abilities
 p - a potion of might
 s - a potion of cure mutation
 z - 3 potions of flight
 B - a potion of heal wounds
 H - a potion of confusion
 K - a potion of poison
Books
 y - a Grand Grimoire {highlevel, unknown}

   This book is beyond your current level of understanding.

   Spells                             Type                      Level
   Aura of Abjuration                 Summoning                    6
   Forceful Dismissal                 Summoning                    6
   Haunt                              Necromancy/Summoning         7
   Summon Greater Demon               Summoning                    7
   Malign Gateway                     Summoning/Translocation      7
   Summon Horrible Things             Summoning                    8
 S - a book of Frost

   Spells                             Type                      Level
   Freeze                             Ice                          1
   Throw Frost                        Conjuration/Ice              2
   Ozocubu's Armour                   Charms/Ice                   3
   Throw Icicle                       Conjuration/Ice              4
   Summon Ice Beast                   Ice/Summoning                4
   Condensation Shield                Ice                          4


   Skills:
 - Level 3.0 Fighting
 * Level 6.2 Axes
 + Level 5.4 Dodging
 - Level 1.7 Stealth
 - Level 3.6 Unarmed Combat


You had 6 spell levels left.
You didn't know any spells.

Dungeon Overview and Level Annotations

Branches:
Dungeon (7/15)
 Temple: D:4-7

Altars:
Elyvilon
Xom

Shops:
D:7 ?


Innate Abilities, Weirdness & Mutations

You have a moderately thin skeletal structure (Dex +4, Stealth+).
Your flesh is cold resistant.


Message History

* * * LOW HITPOINT WARNING * * *
You are too injured to fight recklessly!
You are too injured to fight recklessly!
Drink which item? (? for menu, Esc to quit)
You feel much better. The wyvern bites you!
Drink which item? (? for menu, Esc to quit)
You feel agile all of a sudden. The wyvern closely misses you.
The wyvern misses you.
Throwing (i - inventory):
L - a throwing net (quivered)
Press: ? - help, Shift-Dir - straight line, f - wyvern
Aim: a wyvern You throw a throwing net.
The throwing net misses the wyvern.
The wyvern misses you.
Unknown command.
You hit the wyvern.
The wyvern is lightly wounded.
The wyvern bites you!
* * * LOW HITPOINT WARNING * * *
The wyvern bites you!
You die...

##.# #.# ##### #.#
#.#
.#.###.###...###.###
#.#
...................#
#<#
.#%###.###...###.#.#
#.# ##.###.#
#...###.# #.#
.......###...#...#
#.#
.................#
#.#
.......####.##...#
#.#
.......####.###.@#
#.#
................D#
#.#
.......####.##...#
#.# .......#
#.##...... .......#
#.##...... ....##.#
#.##..(... .........
.........
....#.........#.##.#
............. .


You could see a wyvern.

Vanquished Creatures
  A phantom (D:5)
  2 ogres
  A big kobold (D:5)
  A giant frog (D:6)
  A scorpion (D:7)
  A hound (D:5)
  A jelly (D:5)
  An iguana (D:4)
  An orc wizard (D:6)
  3 worker ants
  A sky beast zombie (D:6)
  A crocodile skeleton (D:6)
  A worker ant zombie (D:6)
  6 adders
  2 shadow imps
  2 worms
  2 adder skeletons (D:6)
  15 orcs
  5 bats
  6 giant cockroaches
  8 hobgoblins
  9 jackals
  2 quokkas
  2 giant geckos
  4 giant newts
  11 goblins
  13 kobolds
  6 rats
  4 ballistomycetes (D:7)
113 creatures vanquished.

Vanquished Creatures (others)
  A giant spore (D:7)
1 creature vanquished.

Grand Total: 114 creatures vanquished

Notes
Turn   | Place    | Note
--------------------------------------------------------------
     0 | D:1      | 4tharraofdagon, the Demonspawn Monk, began the quest for the Orb.
     0 | D:1      | Reached XP level 1. HP: 18/18 MP: 1/1
   190 | D:1      | Reached skill level 1 in Axes
   195 | D:1      | Gained mutation: You have a somewhat thin skeletal structure (Dex +2, Stealth). [demonic ancestry]
   195 | D:1      | Reached XP level 2. HP: 20/24 MP: 2/2
   416 | D:2      | Reached XP level 3. HP: 13/29 MP: 3/3
   601 | D:3      | Found a shimmering altar of Xom.
   662 | D:3      | Found a white marble altar of Elyvilon.
   798 | D:3      | Reached XP level 4. HP: 33/35 MP: 4/4
   961 | D:5      | Entered Level 5 of the Dungeon
  1091 | D:5      | Noticed a big kobold
  1113 | D:5      | Gained mutation: Your flesh is cold resistant. [demonic ancestry]
  1113 | D:5      | Reached XP level 5. HP: 38/41 MP: 3/5
  1118 | D:5      | Killed a big kobold
  1118 | D:5      | Reached skill level 4 in Dodging
  1230 | D:5      | Noticed an ogre
  1245 | D:5      | Killed an ogre
  1245 | D:5      | Gained mutation: You have a moderately thin skeletal structure (Dex +4, Stealth+). [demonic ancestry]
  1245 | D:5      | Reached XP level 6. HP: 33/47 MP: 3/6
  1291 | D:5      | Noticed a phantom
  1315 | D:5      | Killed a phantom
  1473 | D:4      | Reached skill level 5 in Axes
  1774 | D:6      | Reached XP level 7. HP: 52/52 MP: 7/7
  1858 | D:6      | Reached skill level 5 in Dodging
  2093 | D:6      | Reached skill level 6 in Axes
  2160 | D:7      | Found Yzxeal's Magic Scroll Emporium.
  2169 | D:7      | Bought a scroll of teleportation for 39 gold pieces
  2169 | D:7      | Bought a scroll of identify for 26 gold pieces
  2169 | D:7      | Bought a scroll of identify for 26 gold pieces
  2169 | D:7      | Bought a scroll of identify for 26 gold pieces
  2169 | D:7      | Bought a scroll of identify for 26 gold pieces
  2260 | D:7      | Noticed a wyvern
  2269 | D:7      | Slain by a wyvern

Action                   |  1- 3 |  4- 6 |  7- 9 || total
-------------------------+-------+-------+-------++-------
Melee: Hand axe          |   100 |   148 |    86 ||   334
       War axe           |       |     3 |       ||     3
Throw: Throwing net      |       |       |     1 ||     1
Evoke: Wand              |       |       |     2 ||     2
  Use: Scroll            |     2 |     3 |     4 ||     9
       Potion            |       |     1 |     2 ||     3
 Stab: Sleeping          |     1 |       |       ||     1
